 Dungeon Crawl Stone Soup version 0.19-a0-1608-g4cf22de (webtiles) character file.

238 Amnesiac the Chopper (level 6, -3/56 HPs)
             Began as a Hill Orc Berserker on Sept 17, 2016.
             Was a Priest of Trog.
             Slain by a scorpion (9 damage)
             ... on level 4 of the Dungeon.
             The game lasted 00:04:12 (3321 turns).

Amnesiac the Chopper (Hill Orc Berserker)           Turns: 3321, Time: 00:04:13

Health: -3/56      AC:  5    Str: 20    XL:     6   Next: 7%
Magic:  6/6        EV: 12    Int:  7    God:    Trog [***...]
Gold:   175        SH:  0    Dex: 12    Spells: 0 memorised, 5 levels left

rFire  + . .     SeeInvis .     a - +0 hand axe
rCold  . . .     Gourm    .     t - +0 leather armour
rNeg   . . .     Faith    .     (no shield)
rPois  .         Spirit   .     (no helmet)
rElec  .         Dismiss  .     l - +1 cloak
rCorr  .         Reflect  .     (no gloves)
MR     .....     Harm     .     (no boots)
Stlth  ..........               (no amulet)
                                q - ring of loudness (curse)
                                i - ring of protection from fire

@: lethally poisoned (-3 -> -25)
A: no striking features
a: Berserk, Trog's Hand, Burn Spellbooks, Renounce Religion


You were on level 4 of the Dungeon.
You worshipped Trog.
Trog was most pleased with you.
You were not hungry.

You visited 1 branch of the dungeon, and saw 4 of its levels.

You collected 175 gold pieces.

Inventory:

Hand Weapons
 a - a +0 hand axe (weapon)
Armour
 l - a +1 cloak (worn)
 t - a +0 leather armour (worn)
Jewellery
 i - a ring of protection from fire (left hand)
 q - a cursed ring of loudness (right hand)
 v - an uncursed ring of protection from cold {unknown}
Scrolls
 e - 9 scrolls of remove curse
 g - 2 scrolls of magic mapping {unknown}
 j - a scroll of amnesia {unknown}
 m - a scroll of identify {unknown}
 o - 2 scrolls of noise {unknown}
 p - a scroll of fog {unknown}
Potions
 f - a potion of lignification {unknown}
 h - a potion of agility {unknown}
 k - a potion of degeneration {unknown}
 n - a potion of mutation {unknown}
 r - a potion of curing {unknown}
 s - a potion of resistance {unknown}
 w - a potion of berserk rage {unknown}
Comestibles
 b - 2 chunks of flesh
 c - 5 bread rations
 d - 2 slices of pizza
 u - 2 fruits


   Skills:
 + Level 5.0 Fighting
 * Level 7.0 Axes
 - Level 2.1 Armour
 + Level 2.5 Dodging


You had 5 spell levels left.
You didn't know any spells.

Dungeon Overview and Level Annotations

Branches:
Dungeon (4/15)
 Temple: D:4-7

Altars:
Nemelex Xobeh
Ru

Annotations:
D:4 Grinder


Message History

You are too injured to fight recklessly!
You are too injured to fight recklessly!
You are too injured to fight recklessly!
You closely miss the scorpion.
The scorpion is severely wounded.
* * * LOW HITPOINT WARNING * * *
You feel sick. The scorpion barely misses you.
You closely miss the scorpion.
The scorpion is severely wounded.
* * * LOW HITPOINT WARNING * * *
You feel sick. The scorpion stings you.
* * * LOW HITPOINT WARNING * * *
You are more poisoned.
The scorpion poisons you!
You closely miss the scorpion.
The scorpion is severely wounded.
* * * LOW HITPOINT WARNING * * *
You feel very sick. The scorpion stings you!
You die...

...............#
......>........#####
....................
...........#.######
..#####.##.#...##
....#......#....#
#.###.#.####....########
#.###.#................#
....#.#..###....@......#
..#.#.#........#s.......
.##.#.##.##.#..+..<.....
.##.#.....#+#.##........
.##........... #...<....
.########..... #.......#
## #.. ######.## .#


You could see a scorpion.

Vanquished Creatures
  A crimson imp (D:3)
  Jessica (D:2)
  Terence (D:2)
  2 worker ants (D:4)
  An adder (D:3)
  2 oozes
  2 worms
  3 dart slugs (D:1)
  A leopard gecko (D:3)
  7 orcs (D:3)
  7 bats
  3 giant cockroaches
  5 goblins
  10 hobgoblins
  2 jackals (D:4)
  A quokka (D:4)
  A ball python (D:4)
  13 kobolds
  A leopard gecko skeleton (D:4)
  6 rats
70 creatures vanquished.

Notes
Turn   | Place    | Note
-------+----------+-------------------------------------------
     0 | D:1      | Amnesiac the Hill Orc Berserker began the quest for the Orb.
     0 | D:1      | Reached XP level 1. HP: 19/19 MP: 1/1
   134 | D:1      | Reached XP level 2. HP: 10/27 MP: 2/2
   505 | D:1      | Reached XP level 3. HP: 11/33 MP: 3/3
   586 | D:1      | Reached skill level 5 in Axes
   816 | D:1      | Reached ** piety under Trog
  1063 | D:2      | Found a sacrificial altar of Ru.
  1193 | D:2      | Noticed Jessica
  1202 | D:2      | Killed Jessica
  1202 | D:2      | Reached XP level 4. HP: 34/40 MP: 4/4
  1419 | D:2      | Found a sparkling altar of Nemelex Xobeh.
  1421 | D:2      | Noticed Terence
  1440 | D:2      | Killed Terence
  1704 | D:3      | Reached skill level 6 in Axes
  1726 | D:3      | Reached XP level 5. HP: 16/47 MP: 5/5
  2786 | D:4      | Noticed Grinder
  2862 | D:3      | Reached *** piety under Trog
  3097 | D:4      | Reached skill level 5 in Fighting
  3097 | D:4      | Reached skill level 7 in Axes
  3097 | D:4      | Reached XP level 6. HP: 30/56 MP: 6/6
  3321 | D:4      | Slain by a scorpion

Vault maps used:
D:1:      minmay_arrival_stone_box
D:2:      lemuel_doored_altar, overflow_temple_1_default, first_bread,
          uniq_terence, uniq_jessica
D:3:      serial_corexii_hall, corexii_hall_statues_x, corexii_hall_statues_s
D:4:      elyvilon_altar_3, hangedman_decor_lopped, minmay_misc_feat_encased,
          minivault_1, minmay_misc_feat_more_columns, uniq_grinder

Skill      XL: |  1  2  3  4  5 |
---------------+----------------+-----
Fighting       | 4 5 |  5.0
Axes           | 5 6 7 |  7.0
Dodging        | 2 |  2.5
Armour         | |  2.1

Action                   |  1- 3 |  4- 6 || total
-------------------------+-------+-------++-------
Melee: Hand axe          |   100 |   179 ||   279
Invok: Berserk           |     1 |       ||     1
  Use: Scroll            |       |     1 ||     1
 Stab: Sleeping          |     1 |       ||     1
  Eat: Chunk             |     2 |     7 ||     9
Armor: Animal skin       |    15 |    20 ||    35
       Leather armour    |       |    14 ||    14
Dodge: Dodged            |    68 |   114 ||   182
